 Dungeon Crawl Stone Soup version 0.28.0-45-g0d030f2227 (webtiles) character file.

Game seed: 1764551859410640540

74 boopmooplesden the Slasher (level 4, -13/61 HPs)
             Began as a Minotaur Berserker on Apr 11, 2022.
             Was a Believer of Trog.
             Mangled by an ogre
             ... wielding a +0 giant club
              (16 damage)
             ... on level 4 of the Dungeon.
             The game lasted 00:02:56 (1499 turns).

boopmooplesden the Slasher (Minotaur Berserker)     Turns: 1499, Time: 00:02:57

Health: -13/61     AC:  3    Str: 21    XL:     4   Next: 10%
Magic:  3/3        EV: 12    Int:  4    God:    Trog [**....]
Gold:   129        SH:  0    Dex: 12    Spells: 3/3 levels left

rFire   . . .      SeeInvis .   a - +0 falchion
rCold   . . .      Faith    .   (no shield)
rNeg    . . .      Spirit   .   b - +0 animal skin
rPois   .          Reflect  .   (helmet restricted)
rElec   .          Harm     .   (no cloak)
rCorr   .          Rampage  .   d - +0 pair of gloves
Will    .....                   (no boots)
Stlth   ..........              (no amulet)
HPRegen 0.20/turn               (no ring)
MPRegen 0.08/turn               (no ring)

@: berserking, very quick
A: horns 2, retaliatory headbutt
a: Renounce Religion, Berserk, Trog's Hand


You were on level 4 of the Dungeon.
You worshipped Trog.
Trog was pleased with you.
You visited 1 branch of the dungeon, and saw 4 of its levels.

You collected 129 gold pieces.

Inventory:

Hand Weapons
 a - a +0 falchion (weapon)
Armour
 b - a +0 animal skin (worn)
 d - a +0 pair of gloves (worn)
Potions
 g - a potion of invisibility


   Skills:
 + Level 4.7 Fighting
 + Level 4.7 Long Blades
 + Level 2.7 Armour
 + Level 2.6 Dodging
 + Level 0.2 Stealth


You had 3 spell levels left.
You didn't know any spells.
Your spell library was empty.

Dungeon Overview and Level Annotations

Branches:
Dungeon (3/15)

Altars:

Shops:
D:2 =


Innate Abilities, Weirdness & Mutations

You have a pair of horns on your head.
You reflexively headbutt those who attack you in melee.


Message History

You see here 21 arrows.
The orc closely misses you. You furiously retaliate!
You headbutt the orc!
You kill the orc!
Trog accepts your kill.
A quokka comes into view.
Things that are here:
a +0 club; a +0 leather armour; an orc corpse
Things that are here:
a +0 whip; an orc corpse The quokka closely misses you.
You furiously retaliate!
You headbutt the quokka, but do no damage.
Items here: ))) [[[ †.
You barely miss the quokka. The quokka barely misses you.
You hit the quokka. Your headbutt misses the quokka.
The quokka is almost dead.
The quokka barely misses you. The quokka bites you.
You hit the quokka.
You kill the quokka!
Trog accepts your kill.
Found a book of Spatial Translocations.
Unknown command.
Items here: ))) [[[ †.
Things that are here:
a +0 whip; an orc corpse
Things that are here:
a +0 club; a +0 leather armour; an orc corpse You see here 21 arrows.
An ogre comes into view. It is wielding a +0 giant club.
The ogre hits you with a +0 giant club!!
Ouch! That really hurt!
* * * LOW HITPOINT WARNING * * *
A red film seems to cover your vision as you go berserk!
You feel yourself moving faster!
You feel mighty! The ogre hits you with a +0 giant club!
* * * LOW HITPOINT WARNING * * *
You completely miss the ogre. You hit the ogre. Your headbutt misses the ogre.
The ogre is lightly wounded.
The ogre hits you with a +0 giant club!
You die...

#### #... .#
#.## .# #
##...## .#
#"##.#.#.####
.#
#..@O....>..#
.#
####.#.#.##.#
.#
##...###.####.#
##..(..)))...#
######.####.#
#.# .# #.# .#
############.#
.#
#............#
.#


You could see an ogre.

Vanquished Creatures
  Jessica (D:2)
  An adder (D:2)
  2 dart slugs
  5 orcs (D:4)
  2 endoplasms (D:1)
  2 giant cockroaches (D:2)
  3 goblins
  2 hobgoblins (D:2)
  A kobold (D:2)
  2 quokkas
  2 ball pythons (D:1)
  6 bats
  A frilled lizard (D:2)
30 creatures vanquished.

Notes
Turn   | Place    | Note
-------+----------+-------------------------------------------
     0 | D:1      | boopmooplesden the Minotaur Berserker began the quest for
                  | the Orb.
     0 | D:1      | Reached XP level 1. HP: 19/19 MP: 0/0
   352 | D:1      | Reached XP level 2. HP: 25/27 MP: 1/1
   904 | D:2      | Reached XP level 3. HP: 33/33 MP: 2/2
   957 | D:2      | Found Uneojoy's Jewellery Shoppe.
  1172 | D:2      | Noticed Jessica
  1180 | D:2      | Killed Jessica
  1293 | D:2      | Reached ** piety under Trog
  1422 | D:3      | You fall into a shaft and drop 1 floor!
  1456 | D:4      | Reached XP level 4. HP: 38/41 MP: 3/3
  1493 | D:4      | Noticed an ogre
  1497 | D:4      | HP: 3/61 [ogre/+0 giant club (16)]
  1499 | D:4      | Mangled by an ogre

Illustrated notes

Levels and vault maps discovered:
D:1:      dpeg_arrival_oval, layout_rooms, minmay_3d_cube
D:2:      layout_rooms, serial_shops, nicolae_shop_hallway_stairs, uniq_jessica
D:3:      layout_basic, overflow_temple_1_default, serial_shops, shop_statue,
          uniq_natasha
D:4:      layout_loops_ring, serial_shops, shop

Skill      XL: |  1  2 |
---------------+-------+-----
Long Blades    | 4 |  4.7
Fighting       | 4 |  4.7
Armour         | |  2.7
Dodging        | |  2.6
Stealth        | |  0.2

Action                   |  1- 3 |  4- 6 || total
-------------------------+-------+-------++-------
Melee: Falchion          |    73 |    14 ||    87
       Headbutt          |    10 |     3 ||    13
       Punch             |     1 |       ||     1
Invok: Berserk           |       |     1 ||     1
  Use: Scroll            |     3 |       ||     3
Armor: Animal skin       |    24 |     3 ||    27
Dodge: Dodged            |    80 |     6 ||    86
